Griffins vs Rafales
(R1)
Created - December 4, 2018 at 19:06
Goals
|
| Griffins |
1 |
1 |
1 |
3 |
| Rafales |
2 |
1 |
2 |
5 |
|
Shots
|
| Griffins |
4 |
13 |
5 |
22 |
| Rafales |
14 |
23 |
6 |
43 |
|
1st period
1. Rafales , Chris Terry 5 (Tim Crowder 9, Michael Bournival 7) at 16:39
2. Rafales , Milan Bartovic 8 (Mike Zigomanis 16, Cody McLeod 21) at 17:27 (PP)
3. Griffins , Ben Hanowski 12 (Sean Monahan 14, Nathan Gerbe 3) at 18:44
Penalties :
Robert Dome (Cap) for Roughing (Minor) at 8:48, Sean Monahan (Cap) for Roughing (Minor) at 16:42
2nd period
4. Griffins , Petr Pohl 9 (Sean Monahan 15, Brendan Woods 5) at 3:26
5. Rafales , Maksim Mayorov 3 (Dennis Persson 4, James Marcou 4) at 11:53
Penalties :
Oscar Klefbom (Cap) for High sticking (Minor) at 9:34
3rd period
6. Rafales , Michael Bournival 14 (Dylan McIlrath 3) at 2:39
7. Griffins , Nathan Gerbe 9 (Sean Monahan 16) at 4:58 (SH)
8. Rafales , Milan Bartovic 9 (Cody McLeod 22, Mike Zigomanis 17) at 5:32 (PP)
Penalties :
Petter Granberg (Cap) for Roughing (Double Minor) at 4:14, Quinton Howden (Cap) for Tripping (Minor) at 15:55, Jan Mursak (Cap) for Hooking (Minor) at 19:10
Goalie Stats
Olivier Roy (Cap), 38 saves from 43 shots - (0.884), L, 5-3-0, 60:00 minutes
Leland Irving (Stf), 19 saves from 22 shots - (0.864), W, 12-8-0, 60:00 minutes
Players Stats for Griffins
Player Name G A P +/- PIM S H SB GA TA FO MP PP MP PK MP
------------------------------------------------------------------------------------
Anton Slepyshev 0 0 0 0 0 1 3 0 0 0 0/1 11:27 0:00 0:00
Ben Hanowski 1 0 1 0 0 1 0 0 0 0 0/1 12:48 0:00 0:00
Brendan Woods 0 1 1 -1 0 1 0 1 2 0 0/1 13:56 0:00 6:51
Bryan Young 0 0 0 -1 0 0 1 1 0 0 0/0 26:19 0:00 7:55
Ian McCoshen 0 0 0 1 0 1 0 1 0 0 0/0 15:17 0:00 0:00
J.T. Brown 0 0 0 -1 0 0 2 0 0 0 0/0 9:15 0:00 1:49
Jamie Arniel 0 0 0 0 0 0 0 0 0 0 5/8 2:44 0:00 0:02
Jan Mursak 0 0 0 0 2 3 2 1 0 0 1/6 13:12 0:00 1:42
Nathan Gerbe 1 1 2 0 0 2 1 0 0 0 0/0 17:01 0:00 2:08
Nathan Oystrick 0 0 0 0 0 2 1 3 0 0 0/0 19:24 0:00 4:22
Oscar Klefbom 0 0 0 -1 2 0 0 0 0 0 0/0 21:08 0:00 2:12
Petr Pohl 1 0 1 1 0 2 1 1 1 2 0/1 16:53 0:00 0:00
Petter Granberg 0 0 0 -1 4 0 0 3 0 0 0/0 17:22 0:00 0:41
Quinton Howden 0 0 0 -1 2 3 5 0 0 0 3/10 16:34 0:00 2:47
Robert Dome 0 0 0 1 2 1 1 0 1 0 1/1 16:48 0:00 0:00
Ryan Hartman 0 0 0 -1 0 0 2 2 0 1 5/11 17:08 0:00 5:21
Sean Monahan 0 3 3 2 2 4 0 0 1 0 11/19 20:23 0:00 0:56
Ty Wishart 0 0 0 1 0 1 3 1 1 0 0/0 21:27 0:00 6:26
Players Stats for Rafales
Player Name G A P +/- PIM S H SB GA TA FO MP PP MP PK MP
------------------------------------------------------------------------------------
Akim Aliu 0 0 0 0 0 0 0 1 0 0 1/1 17:34 4:36 0:00
Cedric Paquette 0 0 0 1 0 0 1 1 0 0 3/3 8:59 0:03 0:00
Chris Terry 1 0 1 0 0 1 2 1 0 0 0/0 11:33 0:12 0:00
Cody McLeod 0 2 2 -1 0 6 4 0 2 1 0/2 22:12 6:00 0:00
Connor Murphy 0 0 0 -1 0 3 0 0 0 0 0/0 27:42 7:14 0:00
Dennis Persson 0 1 1 2 0 2 0 2 0 0 0/0 12:08 0:00 0:00
Dylan McIlrath 0 1 1 -1 0 1 2 4 0 1 0/0 20:08 3:34 0:00
James Marcou 0 1 1 1 0 1 1 0 0 0 0/0 8:38 0:00 0:00
Julian Melchiori 0 0 0 -1 0 0 0 2 0 0 0/0 20:13 3:34 0:00
Kevin Veilleux 0 0 0 0 0 1 1 0 0 1 2/3 10:59 0:00 0:00
Maksim Mayorov 1 0 1 1 0 3 1 0 0 0 0/0 8:38 0:00 0:00
Matt Gilroy 0 0 0 -1 0 5 3 0 0 2 0/0 27:35 7:14 0:00
Michael Bournival 1 1 2 0 0 3 1 1 0 1 0/0 17:40 4:36 0:00
Mike Zigomanis 0 2 2 -1 0 4 2 1 0 0 14/29 22:25 6:09 0:00
Milan Bartovic 2 0 2 -1 0 6 1 0 1 0 1/2 22:25 6:09 0:00
Nathan Davis 0 0 0 0 0 3 4 0 0 0 12/19 17:34 4:36 0:00
Slater Koekkoek 0 0 0 2 0 1 0 0 0 0 0/0 12:14 0:00 0:00
Tim Crowder 0 1 1 0 0 3 1 1 0 0 0/0 11:23 0:03 0:00
3 Stars
1 - Milan Bartovic (Stf)
2 - Michael Bournival (Stf)
3 - Maksim Mayorov (Stf)
Power Play
Griffins - 0 on 0 Attempt(s) - 0.00%
Rafales - 2 on 7 Attempt(s) - 28.57%
Penalty Kill
Griffins - 5 on 7 Attempt(s) - 71.43%
- Score 1 goal in Penalty Kill
Rafales - 0 on 0 Attempt(s) - 0.00%
- Score 0 goal in Penalty Kill
Team Stat
Griffins - Hits : 22 - Faceoff Wins : 26 - Blocked Shots : 14 - Penalty Minutes : 14
Rafales - Hits : 24 - Faceoff Wins : 33 - Blocked Shots : 14 - Penalty Minutes : 0
Official
Referees : Unknown
Linesman : Unknown
Game Notes
Jamie Arniel is injured at 8:50 of 1st period (Strained Right Knee)
Finance
Level 1 -- Attendance: 1350 (67.50%) -- Ticket Income $54,000
Level 2 -- Attendance: 734 (73.40%) -- Ticket Income $14,680
Total Attendance: 2084 (69.47%)
Total Ticket Income: $68,680
Other Income: $3,434
Total Income: $72,114
Griffins
5 vs 5 Forward
Center Left Wing Right Wing Time % Phy DF OF
1 Jamie Arniel Robert Dome Petr Pohl 40 0 2 3
2 Sean Monahan Nathan Gerbe Ben Hanowski 30 0 2 3
3 Jan Mursak Anton Slepyshev Ryan Hartman 20 0 2 3
4 Quinton Howden Brendan Woods J.T. Brown 10 0 2 3
5 vs 5 Defense
Defense Defense Time % Phy DF OF
1 Oscar Klefbom Bryan Young 40 0 2 3
2 Petter Granberg Ty Wishart 30 0 3 2
3 Ian McCoshen Nathan Oystrick 20 0 3 2
4 Ian McCoshen Nathan Oystrick 10 1 2 2
PowerPlay Forward
Center Left Wing Right Wing Time % Phy DF OF
1 Sean Monahan Robert Dome Petr Pohl 60 0 1 4
2 Jamie Arniel Nathan Gerbe Ben Hanowski 40 0 1 4
PowerPlay Defense
Defense Defense Time % Phy DF OF
1 Oscar Klefbom Bryan Young 60 0 1 4
2 Ty Wishart Petter Granberg 40 0 1 4
Penalty Kill 4 Players Forward
Center Wing Time % Phy DF OF
1 Jamie Arniel Brendan Woods 60 1 2 2
2 Jan Mursak J.T. Brown 40 1 2 2
Penalty Kill 4 Players Defense
Defense Defense Time % Phy DF OF
1 Bryan Young Ty Wishart 60 1 2 2
2 Nathan Oystrick Bryan Young 40 1 2 2
Penalty Kill - 3 Players Forward
Forward Time % Phy DF OF
1 Jamie Arniel 60 1 2 2
2 Brendan Woods 40 1 2 2
Penalty Kill - 3 Players Defense
Defense Defense Time % Phy DF OF
1 Bryan Young Ty Wishart 60 1 2 2
2 Nathan Oystrick Bryan Young 40 1 2 2
4 vs 4 Forward
Center Wing Time % Phy DF OF
1 Sean Monahan Petr Pohl 60 1 2 2
2 Jamie Arniel Nathan Gerbe 40 1 2 2
4 vs 4 Defense
Defense Defense Time % Phy DF OF
1 Oscar Klefbom Bryan Young 60 1 2 2
2 Bryan Young Ty Wishart 40 1 2 2
Last Minutes Offensive
Center Left Wing Right Wing Defense Defense
Sean Monahan Nathan Gerbe Petr Pohl Oscar Klefbom Jamie Arniel
Last Minutes Defensive
Center Left Wing Right Wing Defense Defense
Jamie Arniel Brendan Woods J.T. Brown Bryan Young Nathan Oystrick
Goaltenders
Starting : Olivier Roy
Backup : Jean-Francois Berube
Extra Forwards
Normal : Jamie Arniel, Sean Monahan, Nathan Gerbe - PP : J.T. Brown, Ryan Hartman - PK : Ryan Hartman
Extra Defensemen
Normal : Oscar Klefbom, Bryan Young, Petter Granberg - PP : Ty Wishart - PK : Oscar Klefbom, Petter Granberg
Penalty Shots
Nathan Gerbe, Sean Monahan, Jamie Arniel, Ben Hanowski, Robert Dome
Scratches
Vladislav Namestnikov (Healthy), Garrett Wilson (Healthy), Tanner Kero (Healthy), Greg McKegg (Healthy), Lucas Lessio (Healthy)
Tye McGinn (Concussion Injury), Simon Despres (Separated Right Shoulder Injury), Jerome Gauthier-Leduc (Healthy), Konrad Abeltshauser (Healthy), Tomas Hyka (Healthy)
Brian Hart (Healthy), Mirco Mueller (Healthy), Marcus Hogberg (Healthy), Matt Tomkins (Healthy)
Rafales
5 vs 5 Forward
Center Left Wing Right Wing Time % Phy DF OF
1 Mike Zigomanis Cody McLeod Milan Bartovic 40 0 1 4
2 Nathan Davis Michael Bournival Akim Aliu 30 1 1 3
3 Kevin Veilleux Chris Terry Tim Crowder 20 1 2 2
4 Cedric Paquette Maksim Mayorov James Marcou 10 2 1 2
5 vs 5 Defense
Defense Defense Time % Phy DF OF
1 Matt Gilroy Connor Murphy 40 1 3 1
2 Julian Melchiori Dylan McIlrath 30 1 3 1
3 Slater Koekkoek Dennis Persson 20 2 2 1
4 Matt Gilroy Connor Murphy 10 1 3 1
PowerPlay Forward
Center Left Wing Right Wing Time % Phy DF OF
1 Mike Zigomanis Cody McLeod Milan Bartovic 60 0 0 5
2 Nathan Davis Michael Bournival Akim Aliu 40 0 0 5
PowerPlay Defense
Defense Defense Time % Phy DF OF
1 Matt Gilroy Connor Murphy 60 0 2 3
2 Julian Melchiori Dylan McIlrath 40 0 2 3
Penalty Kill 4 Players Forward
Center Wing Time % Phy DF OF
1 Mike Zigomanis Cody McLeod 60 1 3 1
2 Michael Bournival Nathan Davis 40 1 3 1
Penalty Kill 4 Players Defense
Defense Defense Time % Phy DF OF
1 Matt Gilroy Connor Murphy 60 2 3 0
2 Julian Melchiori Dylan McIlrath 40 2 3 0
Penalty Kill - 3 Players Forward
Forward Time % Phy DF OF
1 Mike Zigomanis 60 1 4 0
2 Cody McLeod 40 1 4 0
Penalty Kill - 3 Players Defense
Defense Defense Time % Phy DF OF
1 Matt Gilroy Connor Murphy 60 2 3 0
2 Julian Melchiori Dylan McIlrath 40 2 3 0
4 vs 4 Forward
Center Wing Time % Phy DF OF
1 Mike Zigomanis Cody McLeod 60 1 1 3
2 Michael Bournival Nathan Davis 40 1 1 3
4 vs 4 Defense
Defense Defense Time % Phy DF OF
1 Matt Gilroy Connor Murphy 60 1 3 1
2 Julian Melchiori Dylan McIlrath 40 1 3 1
Last Minutes Offensive
Center Left Wing Right Wing Defense Defense
Mike Zigomanis Cody McLeod Milan Bartovic Matt Gilroy Connor Murphy
Last Minutes Defensive
Center Left Wing Right Wing Defense Defense
Mike Zigomanis Cody McLeod Milan Bartovic Matt Gilroy Connor Murphy
Goaltenders
Starting : Leland Irving
Backup : Chris Driedger
Extra Forwards
Normal : Cody McLeod, Mike Zigomanis, Michael Bournival - PP : Cody McLeod, Mike Zigomanis - PK : Akim Aliu
Extra Defensemen
Normal : Connor Murphy, Matt Gilroy, Julian Melchiori - PP : Connor Murphy - PK : Matt Gilroy, Julian Melchiori
Penalty Shots
Mike Zigomanis, Cody McLeod, Michael Bournival, Nathan Davis, Milan Bartovic
Scratches
Ben Sexton (Healthy), Brian Ferlin (Healthy), Ryan Bourque (Healthy), Carl Klingberg (Healthy), Ben Johnson (Healthy)
Nicklas Jensen (Healthy), Jayson Megna (Healthy), Brad Ross (Healthy), Ben Thomson (Healthy), Tyrell Goulbourne (Healthy)
David Broll (Healthy), Stefan Chaput (Healthy)
% Time on Ice - Griffins
Lines # - Real PCT - Wanted PCT - Time Play
Normal Forward
1 - 37% - 40% - 18:12
2 - 26% - 30% - 12:47
3 - 23% - 20% - 11:27
4 - 14% - 10% - 6:46
Normal Defense
1 - 38% - 40% - 18:37
2 - 31% - 30% - 15:18
3 - 22% - 20% - 10:40
4 - 9% - 10% - 4:37
PP Forward
1 - 0% - 60%
2 - 0% - 40%
PP Defense
1 - 0% - 60%
2 - 0% - 40%
PK Forward
1 - 83% - 60% - 8:59
2 - 17% - 40% - 1:49
PK Defense
1 - 60% - 60% - 6:26
2 - 40% - 40% - 4:22
PK3 Forward
1 - 0% - 60%
2 - 0% - 40%
PK3 Defense
1 - 0% - 60%
2 - 0% - 40%
44 Forward
1 - 0% - 60%
2 - 0% - 40%
44 Defense
1 - 0% - 60%
2 - 0% - 40%
Last Minute Offensive - 0:00
Last Minute Defensive - 0:00
Total
Forward - 60:00
Defense - 60:00
|
% Time on Ice - Rafales
Lines # - Real PCT - Wanted PCT - Time Play
Normal Forward
1 - 34% - 40% - 16:37
2 - 26% - 30% - 12:58
3 - 22% - 20% - 10:59
4 - 18% - 10% - 8:38
Normal Defense
1 - 37% - 40% - 18:08
2 - 34% - 30% - 16:33
3 - 24% - 20% - 12:01
4 - 5% - 10% - 2:30
PP Forward
1 - 57% - 60% - 6:12
2 - 43% - 40% - 4:36
PP Defense
1 - 67% - 60% - 7:14
2 - 33% - 40% - 3:34
PK Forward
1 - 0% - 60%
2 - 0% - 40%
PK Defense
1 - 0% - 60%
2 - 0% - 40%
PK3 Forward
1 - 0% - 60%
2 - 0% - 40%
PK3 Defense
1 - 0% - 60%
2 - 0% - 40%
44 Forward
1 - 0% - 60%
2 - 0% - 40%
44 Defense
1 - 0% - 60%
2 - 0% - 40%
Last Minute Offensive - 0:00
Last Minute Defensive - 0:00
Total
Forward - 60:00
Defense - 60:00
|
Play by Play
1st period
0:01 of 1st period - Jamie Arniel wins face-off versus Mike Zigomanis in neutral zone.
0:14 of 1st period - Slapshot by Robert Dome.
0:14 of 1st period - Shot Misses the Net.
0:28 of 1st period - Icing by Matt Gilroy.
0:29 of 1st period - Sean Monahan wins face-off versus Nathan Davis in Rafales zone.
0:44 of 1st period - Wrist shot by Ben Hanowski.
0:44 of 1st period - Shot Blocked by Julian Melchiori.
0:54 of 1st period - Dylan McIlrath is hit by Jan Mursak and loses puck.
1:15 of 1st period - Slapshot by Anton Slepyshev.
1:15 of 1st period - Shot Misses the Net.
1:21 of 1st period - Petr Pohl is hit by Cody McLeod and loses puck.
1:42 of 1st period - Snap shot by J.T. Brown.
1:42 of 1st period - Deflect By Quinton Howden.
1:42 of 1st period - Shot Misses the Net.
1:42 of 1st period - Puck is out of play.
1:43 of 1st period - Mike Zigomanis wins face-off versus Sean Monahan in Rafales zone.
1:50 of 1st period - Wrist shot by Milan Bartovic.
1:50 of 1st period - Stopped by Olivier Roy with a rebound.
2:56 of 1st period - Off-side.
2:57 of 1st period - Cedric Paquette wins face-off versus Quinton Howden in neutral zone.
4:31 of 1st period - Wrist shot by J.T. Brown.
4:31 of 1st period - Deflect By Quinton Howden.
4:31 of 1st period - Shot Misses the Net.
4:31 of 1st period - Puck is out of play.
4:32 of 1st period - Mike Zigomanis wins face-off versus Jamie Arniel in Rafales zone.
4:39 of 1st period - Oscar Klefbom is hit by Dylan McIlrath and loses puck.
5:05 of 1st period - Wrist shot by Sean Monahan.
5:05 of 1st period - Stopped by Leland Irving without a rebound.
5:06 of 1st period - Jamie Arniel wins face-off versus Nathan Davis in Rafales zone.
5:38 of 1st period - Snap shot by Milan Bartovic.
5:38 of 1st period - Shot Misses the Net.
6:07 of 1st period - Off-side.
6:08 of 1st period - Nathan Davis wins face-off versus Jamie Arniel in neutral zone.
6:21 of 1st period - Wrist shot by Robert Dome.
6:21 of 1st period - Shot Blocked by Dylan McIlrath.
6:23 of 1st period - Slapshot by Nathan Oystrick.
6:23 of 1st period - Shot Blocked by Akim Aliu.
7:40 of 1st period - Wrist shot by Nathan Davis.
7:40 of 1st period - Stopped by Olivier Roy with a rebound.
7:42 of 1st period - Wrist shot by Michael Bournival.
7:42 of 1st period - Shot Misses the Net.
8:08 of 1st period - Slapshot by Mike Zigomanis.
8:08 of 1st period - Shot Blocked by Ian McCoshen.
8:24 of 1st period - Backhand shot by Jan Mursak.
8:24 of 1st period - Shot Misses the Net.
8:29 of 1st period - Off-side.
8:30 of 1st period - Jamie Arniel wins face-off versus Milan Bartovic in neutral zone.
8:43 of 1st period - Slapshot by Mike Zigomanis.
8:43 of 1st period - Stopped by Olivier Roy without a rebound.
8:44 of 1st period - Milan Bartovic wins face-off versus Jamie Arniel in Griffins zone.
8:45 of 1st period - Snap shot by Cody McLeod.
8:45 of 1st period - Stopped by Olivier Roy without a rebound.
8:46 of 1st period - Jamie Arniel wins face-off versus Mike Zigomanis in Griffins zone.
8:48 of 1st period - Minor Penalty to Robert Dome for Roughing.
8:49 of 1st period - Jamie Arniel wins face-off versus Mike Zigomanis in Griffins zone.
8:49 of 1st period - Jamie Arniel is hit by Cody McLeod.
8:50 of 1st period - Jamie Arniel from Griffins is injured at 8:50 of 1st period (Strained Right Knee).
8:51 of 1st period - Mike Zigomanis wins face-off versus Ryan Hartman in Griffins zone.
8:53 of 1st period - Snap shot by Cody McLeod.
8:53 of 1st period - Stopped by Olivier Roy without a rebound.
8:54 of 1st period - Mike Zigomanis wins face-off versus Brendan Woods in Griffins zone.
10:42 of 1st period - Connor Murphy is hit by Jan Mursak and loses puck.
10:48 of 1st period - Penalty to Robert Dome is over, Robert Dome is back on ice.
11:17 of 1st period - Off-side.
11:18 of 1st period - Kevin Veilleux wins face-off versus Jan Mursak in neutral zone.
12:08 of 1st period - Dylan McIlrath is hit by Petr Pohl and loses puck.
12:54 of 1st period - Off-side.
12:55 of 1st period - Quinton Howden wins face-off versus Mike Zigomanis in neutral zone.
13:37 of 1st period - Snap shot by Milan Bartovic.
13:37 of 1st period - Deflect By Mike Zigomanis.
13:37 of 1st period - Shot Misses the Net.
13:37 of 1st period - Puck is out of play.
13:38 of 1st period - Sean Monahan wins face-off versus Nathan Davis in Griffins zone.
13:58 of 1st period - Bryan Young is hit by Nathan Davis and loses puck.
14:31 of 1st period - Ryan Hartman is hit by Dylan McIlrath and loses puck.
14:38 of 1st period - Wrist shot by Jan Mursak.
14:38 of 1st period - Stopped by Leland Irving with a rebound.
14:40 of 1st period - Slapshot by Jan Mursak.
14:40 of 1st period - Shot Misses the Net.
14:55 of 1st period - Wrist shot by Mike Zigomanis.
14:55 of 1st period - Stopped by Olivier Roy with a rebound.
14:59 of 1st period - Snap shot by Milan Bartovic.
14:59 of 1st period - Shot Misses the Net.
15:32 of 1st period - Backhand shot by Jan Mursak.
15:32 of 1st period - Shot Misses the Net.
15:43 of 1st period - Icing by Petter Granberg.
15:44 of 1st period - Cedric Paquette wins face-off versus Jan Mursak in Griffins zone.
15:55 of 1st period - Wrist shot by Cody McLeod.
15:55 of 1st period - Shot Blocked by Ryan Hartman.
15:57 of 1st period - Wrist shot by Milan Bartovic.
15:57 of 1st period - Stopped by Olivier Roy with a rebound.
16:33 of 1st period - Snap shot by Michael Bournival.
16:33 of 1st period - Shot Misses the Net.
16:35 of 1st period - Snap shot by Tim Crowder.
16:35 of 1st period - Shot Misses the Net.
16:37 of 1st period - Slapshot by Tim Crowder.
16:37 of 1st period - Stopped by Olivier Roy with a rebound.
16:39 of 1st period - Wrist shot by Chris Terry.
16:39 of 1st period - Goal by Chris Terry - Griffins : 0 - Rafales : 1.
16:40 of 1st period - Sean Monahan wins face-off versus Cody McLeod in neutral zone.
16:42 of 1st period - Minor Penalty to Sean Monahan for Roughing.
16:43 of 1st period - Ryan Hartman wins face-off versus Mike Zigomanis in Griffins zone.
16:50 of 1st period - Slapshot by Mike Zigomanis.
16:50 of 1st period - Stopped by Olivier Roy without a rebound.
16:51 of 1st period - Ryan Hartman wins face-off versus Mike Zigomanis in Griffins zone.
17:06 of 1st period - Nathan Oystrick is hit by Cody McLeod and loses puck.
17:15 of 1st period - Slapshot by Milan Bartovic.
17:15 of 1st period - Stopped by Olivier Roy with a rebound.
17:17 of 1st period - Snap shot by Milan Bartovic.
17:17 of 1st period - Shot Misses the Net.
17:19 of 1st period - Snap shot by Matt Gilroy.
17:19 of 1st period - Stopped by Olivier Roy with a rebound.
17:25 of 1st period - Snap shot by Mike Zigomanis.
17:25 of 1st period - Stopped by Olivier Roy with a rebound.
17:27 of 1st period - Snap shot by Milan Bartovic.
17:27 of 1st period - Goal by Milan Bartovic - Griffins : 0 - Rafales : 2.
17:28 of 1st period - Nathan Davis wins face-off versus Sean Monahan in neutral zone.
18:42 of 1st period - Snap shot by Sean Monahan.
18:42 of 1st period - Shot Misses the Net.
18:44 of 1st period - Snap shot by Ben Hanowski.
18:44 of 1st period - Goal by Ben Hanowski - Griffins : 1 - Rafales : 2.
18:45 of 1st period - Sean Monahan wins face-off versus Mike Zigomanis in neutral zone.
19:19 of 1st period - Connor Murphy is hit by Robert Dome and loses puck.
19:44 of 1st period - Wrist shot by Petr Pohl.
19:44 of 1st period - Stopped by Leland Irving with a rebound.
19:50 of 1st period - Wrist shot by Petr Pohl.
19:50 of 1st period - Shot Misses the Net.
Goals for this period are 1 for Griffins vs 2 for Rafales.
Shots for this period are 4 for Griffins vs 14 for Rafales.
2nd period
0:01 of 2nd period - Sean Monahan wins face-off versus Nathan Davis in neutral zone.
0:08 of 2nd period - Snap shot by Sean Monahan.
0:08 of 2nd period - Shot Misses the Net.
0:14 of 2nd period - Sean Monahan is hit by Michael Bournival and loses puck.
0:25 of 2nd period - Petr Pohl is hit by Matt Gilroy and loses puck.
0:48 of 2nd period - Wrist shot by Tim Crowder.
0:48 of 2nd period - Stopped by Olivier Roy with a rebound.
0:50 of 2nd period - Slapshot by Chris Terry.
0:50 of 2nd period - Shot Blocked by Bryan Young.
0:52 of 2nd period - Slapshot by Dennis Persson.
0:52 of 2nd period - Stopped by Olivier Roy without a rebound.
0:53 of 2nd period - Nathan Davis wins face-off versus Ben Hanowski in Griffins zone.
0:57 of 2nd period - Icing by Petter Granberg.
0:58 of 2nd period - Nathan Davis wins face-off versus Sean Monahan in Griffins zone.
1:41 of 2nd period - Wrist shot by Ben Hanowski.
1:41 of 2nd period - Shot Misses the Net.
1:43 of 2nd period - Snap shot by Sean Monahan.
1:43 of 2nd period - Stopped by Leland Irving with a rebound.
1:45 of 2nd period - Backhand shot by Ty Wishart.
1:45 of 2nd period - Shot Misses the Net.
1:47 of 2nd period - Slapshot by Ty Wishart.
1:47 of 2nd period - Shot Misses the Net.
1:49 of 2nd period - Snap shot by Ty Wishart.
1:49 of 2nd period - Shot Blocked by Mike Zigomanis.
1:57 of 2nd period - Snap shot by Sean Monahan.
1:57 of 2nd period - Stopped by Leland Irving with a rebound.
1:59 of 2nd period - Snap shot by Sean Monahan.
1:59 of 2nd period - Deflect By Nathan Gerbe.
1:59 of 2nd period - Stopped by Leland Irving without a rebound.
2:00 of 2nd period - Nathan Davis wins face-off versus Quinton Howden in Rafales zone.
2:11 of 2nd period - Wrist shot by Michael Bournival.
2:11 of 2nd period - Stopped by Olivier Roy with a rebound.
2:52 of 2nd period - J.T. Brown is hit by Tim Crowder and loses puck.
2:56 of 2nd period - Icing by Brendan Woods.
2:57 of 2nd period - Nathan Davis wins face-off versus Quinton Howden in Griffins zone.
3:26 of 2nd period - Slapshot by Petr Pohl.
3:26 of 2nd period - Goal by Petr Pohl - Griffins : 2 - Rafales : 2.
3:27 of 2nd period - Mike Zigomanis wins face-off versus Sean Monahan in neutral zone.
3:52 of 2nd period - Bryan Young is hit by Matt Gilroy and loses puck.
4:39 of 2nd period - Snap shot by Nathan Gerbe.
4:39 of 2nd period - Shot Blocked by Cedric Paquette.
4:41 of 2nd period - Snap shot by Nathan Gerbe.
4:41 of 2nd period - Shot Blocked by Dylan McIlrath.
5:08 of 2nd period - Dylan McIlrath is hit by Anton Slepyshev.
5:44 of 2nd period - Slapshot by Kevin Veilleux.
5:44 of 2nd period - Deflect By Milan Bartovic.
5:44 of 2nd period - Shot Misses the Net.
5:44 of 2nd period - Puck is out of play.
5:45 of 2nd period - Quinton Howden wins face-off versus Cody McLeod in Griffins zone.
6:08 of 2nd period - Petr Pohl is hit by Nathan Davis and loses puck.
6:28 of 2nd period - Snap shot by Jan Mursak.
6:28 of 2nd period - Stopped by Leland Irving without a rebound.
6:29 of 2nd period - Kevin Veilleux wins face-off versus Jan Mursak in Rafales zone.
6:36 of 2nd period - Wrist shot by Tim Crowder.
6:36 of 2nd period - Stopped by Olivier Roy with a rebound.
6:38 of 2nd period - Snap shot by Kevin Veilleux.
6:38 of 2nd period - Stopped by Olivier Roy with a rebound.
6:40 of 2nd period - Wrist shot by Tim Crowder.
6:40 of 2nd period - Shot Misses the Net.
6:42 of 2nd period - Slapshot by Connor Murphy.
6:42 of 2nd period - Shot Blocked by Nathan Oystrick.
6:44 of 2nd period - Wrist shot by Connor Murphy.
6:44 of 2nd period - Stopped by Olivier Roy without a rebound.
6:45 of 2nd period - Sean Monahan wins face-off versus Mike Zigomanis in Griffins zone.
6:45 of 2nd period - Sean Monahan is hit by Mike Zigomanis.
7:24 of 2nd period - Wrist shot by Sean Monahan.
7:24 of 2nd period - Stopped by Leland Irving without a rebound.
7:25 of 2nd period - Robert Dome wins face-off versus Mike Zigomanis in Rafales zone.
7:36 of 2nd period - Snap shot by Cody McLeod.
7:36 of 2nd period - Stopped by Olivier Roy without a rebound.
7:37 of 2nd period - Sean Monahan wins face-off versus Mike Zigomanis in Griffins zone.
7:48 of 2nd period - Snap shot by Robert Dome.
7:48 of 2nd period - Stopped by Leland Irving with a rebound.
8:26 of 2nd period - Julian Melchiori is hit by Quinton Howden and loses puck.
8:41 of 2nd period - Maksim Mayorov is hit by Bryan Young and loses puck.
9:01 of 2nd period - Snap shot by Cody McLeod.
9:01 of 2nd period - Stopped by Olivier Roy without a rebound.
9:02 of 2nd period - Mike Zigomanis wins face-off versus Sean Monahan in Griffins zone.
9:17 of 2nd period - Off-side.
9:18 of 2nd period - Nathan Davis wins face-off versus Jan Mursak in neutral zone.
9:25 of 2nd period - Wrist shot by Nathan Davis.
9:25 of 2nd period - Stopped by Olivier Roy with a rebound.
9:27 of 2nd period - Wrist shot by Michael Bournival.
9:27 of 2nd period - Shot Misses the Net.
9:29 of 2nd period - Snap shot by Matt Gilroy.
9:29 of 2nd period - Stopped by Olivier Roy with a rebound.
9:31 of 2nd period - Slapshot by Connor Murphy.
9:31 of 2nd period - Stopped by Olivier Roy without a rebound.
9:32 of 2nd period - Sean Monahan wins face-off versus Mike Zigomanis in Griffins zone.
9:34 of 2nd period - Minor Penalty to Oscar Klefbom for High sticking.
9:35 of 2nd period - Mike Zigomanis wins face-off versus Ryan Hartman in Griffins zone.
9:35 of 2nd period - Snap shot by Cody McLeod.
9:35 of 2nd period - Shot Misses the Net.
9:49 of 2nd period - Snap shot by Brendan Woods.
9:49 of 2nd period - Stopped by Leland Irving without a rebound.
9:50 of 2nd period - Mike Zigomanis wins face-off versus Ryan Hartman in Rafales zone.
10:15 of 2nd period - Michael Bournival is hit by Quinton Howden and loses puck.
11:34 of 2nd period - Penalty to Oscar Klefbom is over, Oscar Klefbom is back on ice.
11:47 of 2nd period - Slapshot by James Marcou.
11:47 of 2nd period - Stopped by Olivier Roy with a rebound.
11:49 of 2nd period - Snap shot by Dennis Persson.
11:49 of 2nd period - Stopped by Olivier Roy with a rebound.
11:51 of 2nd period - Slapshot by Dennis Persson.
11:51 of 2nd period - Shot Blocked by Petter Granberg.
11:53 of 2nd period - Slapshot by Maksim Mayorov.
11:53 of 2nd period - Goal by Maksim Mayorov - Griffins : 2 - Rafales : 3.
11:54 of 2nd period - Sean Monahan wins face-off versus Nathan Davis in neutral zone.
11:57 of 2nd period - Snap shot by Oscar Klefbom.
11:57 of 2nd period - Shot Misses the Net.
12:05 of 2nd period - Slapshot by Connor Murphy.
12:05 of 2nd period - Stopped by Olivier Roy with a rebound.
12:07 of 2nd period - Slapshot by Matt Gilroy.
12:07 of 2nd period - Stopped by Olivier Roy without a rebound.
12:08 of 2nd period - Sean Monahan wins face-off versus Mike Zigomanis in Griffins zone.
12:43 of 2nd period - Off-side.
12:44 of 2nd period - Quinton Howden wins face-off versus Kevin Veilleux in neutral zone.
12:47 of 2nd period - Wrist shot by Quinton Howden.
12:47 of 2nd period - Shot Misses the Net.
12:49 of 2nd period - Slapshot by Ty Wishart.
12:49 of 2nd period - Shot Blocked by Julian Melchiori.
12:53 of 2nd period - Wrist shot by Quinton Howden.
12:53 of 2nd period - Stopped by Leland Irving with a rebound.
12:55 of 2nd period - Slapshot by Ty Wishart.
12:55 of 2nd period - Stopped by Leland Irving with a rebound.
13:09 of 2nd period - Milan Bartovic is hit by Anton Slepyshev and loses puck.
13:16 of 2nd period - Snap shot by Jan Mursak.
13:16 of 2nd period - Shot Misses the Net.
13:36 of 2nd period - Snap shot by Michael Bournival.
13:36 of 2nd period - Deflect By Ben Hanowski.
13:36 of 2nd period - Stopped by Olivier Roy without a rebound.
13:37 of 2nd period - Sean Monahan wins face-off versus Nathan Davis in Griffins zone.
13:37 of 2nd period - Sean Monahan is hit by Nathan Davis.
14:03 of 2nd period - Nathan Gerbe is hit by Chris Terry and loses puck.
14:48 of 2nd period - Wrist shot by Jan Mursak.
14:48 of 2nd period - Shot Misses the Net.
14:56 of 2nd period - Snap shot by Milan Bartovic.
14:56 of 2nd period - Shot Hit the Post.
14:58 of 2nd period - Wrist shot by Milan Bartovic.
14:58 of 2nd period - Shot Misses the Net.
15:00 of 2nd period - Snap shot by Mike Zigomanis.
15:00 of 2nd period - Shot Blocked by Jan Mursak.
15:02 of 2nd period - Wrist shot by Dylan McIlrath.
15:02 of 2nd period - Deflect By Cody McLeod.
15:02 of 2nd period - Stopped by Olivier Roy with a rebound.
15:06 of 2nd period - Slapshot by Cody McLeod.
15:06 of 2nd period - Shot Misses the Net.
15:08 of 2nd period - Slapshot by Dylan McIlrath.
15:08 of 2nd period - Shot Blocked by Petter Granberg.
15:10 of 2nd period - Snap shot by Dylan McIlrath.
15:10 of 2nd period - Shot Hit the Post.
15:12 of 2nd period - Backhand shot by Mike Zigomanis.
15:12 of 2nd period - Shot Misses the Net.
15:14 of 2nd period - Slapshot by Dylan McIlrath.
15:14 of 2nd period - Deflect By Jan Mursak.
15:14 of 2nd period - Stopped by Olivier Roy without a rebound.
15:15 of 2nd period - Nathan Davis wins face-off versus Sean Monahan in Griffins zone.
15:22 of 2nd period - Nathan Davis is hit by Nathan Oystrick and loses puck.
15:39 of 2nd period - Quinton Howden is hit by Matt Gilroy and loses puck.
15:56 of 2nd period - Slapshot by Jan Mursak.
15:56 of 2nd period - Stopped by Leland Irving with a rebound.
16:04 of 2nd period - Icing by Matt Gilroy.
16:05 of 2nd period - Cedric Paquette wins face-off versus Petr Pohl in Rafales zone.
16:54 of 2nd period - Wrist shot by Maksim Mayorov.
16:54 of 2nd period - Stopped by Olivier Roy with a rebound.
16:56 of 2nd period - Backhand shot by Connor Murphy.
16:56 of 2nd period - Shot Blocked by Petr Pohl.
16:58 of 2nd period - Wrist shot by Matt Gilroy.
16:58 of 2nd period - Stopped by Olivier Roy with a rebound.
17:00 of 2nd period - Snap shot by Matt Gilroy.
17:00 of 2nd period - Shot Misses the Net.
17:02 of 2nd period - Snap shot by Cedric Paquette.
17:02 of 2nd period - Shot Misses the Net.
17:04 of 2nd period - Slapshot by Slater Koekkoek.
17:04 of 2nd period - Deflect By Oscar Klefbom.
17:04 of 2nd period - Stopped by Olivier Roy with a rebound.
17:22 of 2nd period - Snap shot by Maksim Mayorov.
17:22 of 2nd period - Stopped by Olivier Roy with a rebound.
17:24 of 2nd period - Slapshot by Dylan McIlrath.
17:24 of 2nd period - Deflect By Maksim Mayorov.
17:24 of 2nd period - Shot Misses the Net.
17:24 of 2nd period - Puck is out of play.
17:25 of 2nd period - Mike Zigomanis wins face-off versus Anton Slepyshev in Griffins zone.
17:40 of 2nd period - Snap shot by Cody McLeod.
17:40 of 2nd period - Shot Misses the Net.
17:50 of 2nd period - Nathan Davis is hit by Quinton Howden and loses puck.
18:31 of 2nd period - Slapshot by Nathan Oystrick.
18:31 of 2nd period - Stopped by Leland Irving without a rebound.
18:32 of 2nd period - Mike Zigomanis wins face-off versus Jan Mursak in Rafales zone.
18:32 of 2nd period - Mike Zigomanis is hit by Anton Slepyshev.
18:48 of 2nd period - Backhand shot by Anton Slepyshev.
18:48 of 2nd period - Deflect By Ryan Hartman.
18:48 of 2nd period - Shot Blocked by Dennis Persson.
18:48 of 2nd period - Puck is out of play.
18:49 of 2nd period - Nathan Davis wins face-off versus Sean Monahan in Rafales zone.
19:44 of 2nd period - Slapshot by Anton Slepyshev.
19:44 of 2nd period - Stopped by Leland Irving with a rebound.
Goals for this period are 1 for Griffins vs 1 for Rafales.
Shots for this period are 13 for Griffins vs 23 for Rafales.
3rd period
0:01 of 3rd period - Mike Zigomanis wins face-off versus Sean Monahan in neutral zone.
0:23 of 3rd period - Connor Murphy is hit by Nathan Gerbe and loses puck.
0:30 of 3rd period - Slapshot by Matt Gilroy.
0:30 of 3rd period - Shot Misses the Net.
0:32 of 3rd period - Slapshot by Connor Murphy.
0:32 of 3rd period - Shot Misses the Net.
0:34 of 3rd period - Snap shot by Cody McLeod.
0:34 of 3rd period - Shot Misses the Net.
0:36 of 3rd period - Backhand shot by Cody McLeod.
0:36 of 3rd period - Shot Blocked by Petter Granberg.
0:38 of 3rd period - Wrist shot by Milan Bartovic.
0:38 of 3rd period - Stopped by Olivier Roy with a rebound.
0:40 of 3rd period - Wrist shot by Matt Gilroy.
0:40 of 3rd period - Stopped by Olivier Roy without a rebound.
0:41 of 3rd period - Akim Aliu wins face-off versus Quinton Howden in Griffins zone.
0:42 of 3rd period - Snap shot by Michael Bournival.
0:42 of 3rd period - Deflect By Akim Aliu.
0:42 of 3rd period - Shot Blocked by Nathan Oystrick.
0:42 of 3rd period - Puck is out of play.
0:43 of 3rd period - Nathan Davis wins face-off versus Quinton Howden in Griffins zone.
1:31 of 3rd period - Wrist shot by Nathan Davis.
1:31 of 3rd period - Stopped by Olivier Roy with a rebound.
1:37 of 3rd period - Snap shot by Sean Monahan.
1:37 of 3rd period - Shot Blocked by Michael Bournival.
1:39 of 3rd period - Slapshot by Ian McCoshen.
1:39 of 3rd period - Stopped by Leland Irving with a rebound.
1:41 of 3rd period - Slapshot by Ben Hanowski.
1:41 of 3rd period - Shot Misses the Net.
1:43 of 3rd period - Slapshot by Ian McCoshen.
1:43 of 3rd period - Shot Blocked by Dylan McIlrath.
1:45 of 3rd period - Slapshot by Nathan Oystrick.
1:45 of 3rd period - Deflect By Julian Melchiori.
1:45 of 3rd period - Stopped by Leland Irving with a rebound.
1:47 of 3rd period - Snap shot by Sean Monahan.
1:47 of 3rd period - Shot Blocked by Dylan McIlrath.
1:49 of 3rd period - Wrist shot by Sean Monahan.
1:49 of 3rd period - Shot Misses the Net.
1:51 of 3rd period - Slapshot by Nathan Oystrick.
1:51 of 3rd period - Shot Misses the Net.
2:39 of 3rd period - Snap shot by Michael Bournival.
2:39 of 3rd period - Goal by Michael Bournival - Griffins : 2 - Rafales : 4.
2:40 of 3rd period - Mike Zigomanis wins face-off versus Quinton Howden in neutral zone.
4:14 of 3rd period - Double Minor Penalty to Petter Granberg for Roughing.
4:15 of 3rd period - Mike Zigomanis wins face-off versus Ryan Hartman in Griffins zone.
4:30 of 3rd period - Snap shot by Cody McLeod.
4:30 of 3rd period - Shot Blocked by Ryan Hartman.
4:58 of 3rd period - Snap shot by Nathan Gerbe.
4:58 of 3rd period - Goal by Nathan Gerbe - Griffins : 3 - Rafales : 4.
4:59 of 3rd period - Ryan Hartman wins face-off versus Mike Zigomanis in neutral zone.
5:28 of 3rd period - Slapshot by Matt Gilroy.
5:28 of 3rd period - Deflect By Michael Bournival.
5:28 of 3rd period - Shot Blocked by Ty Wishart.
5:28 of 3rd period - Puck is out of play.
5:29 of 3rd period - Mike Zigomanis wins face-off versus Quinton Howden in Griffins zone.
5:30 of 3rd period - Slapshot by Cody McLeod.
5:30 of 3rd period - Stopped by Olivier Roy with a rebound.
5:32 of 3rd period - Snap shot by Milan Bartovic.
5:32 of 3rd period - Goal by Milan Bartovic - Griffins : 3 - Rafales : 5.
5:33 of 3rd period - Ryan Hartman wins face-off versus Mike Zigomanis in neutral zone.
5:38 of 3rd period - Milan Bartovic is hit by Ty Wishart and loses puck.
5:59 of 3rd period - Michael Bournival is hit by Quinton Howden and loses puck.
7:32 of 3rd period - Penalty to Petter Granberg is over, Petter Granberg is back on ice.
7:35 of 3rd period - Slapshot by Oscar Klefbom.
7:35 of 3rd period - Shot Blocked by Chris Terry.
7:56 of 3rd period - Snap shot by Nathan Gerbe.
7:56 of 3rd period - Shot Misses the Net.
7:58 of 3rd period - Slapshot by Quinton Howden.
7:58 of 3rd period - Shot Misses the Net.
8:00 of 3rd period - Snap shot by Quinton Howden.
8:00 of 3rd period - Stopped by Leland Irving with a rebound.
8:02 of 3rd period - Wrist shot by Quinton Howden.
8:02 of 3rd period - Stopped by Leland Irving with a rebound.
8:36 of 3rd period - Kevin Veilleux is hit by Ryan Hartman and loses puck.
8:51 of 3rd period - Oscar Klefbom is hit by Cody McLeod and loses puck.
9:54 of 3rd period - Akim Aliu is hit by Quinton Howden.
10:29 of 3rd period - Ryan Hartman is hit by Cedric Paquette and loses puck.
11:10 of 3rd period - Dylan McIlrath is hit by Ty Wishart and loses puck.
12:01 of 3rd period - Ian McCoshen is hit by Maksim Mayorov and loses puck.
12:24 of 3rd period - Quinton Howden is hit by Mike Zigomanis and loses puck.
13:38 of 3rd period - Oscar Klefbom is hit by Nathan Davis and loses puck.
14:07 of 3rd period - Slapshot by Bryan Young.
14:07 of 3rd period - Shot Blocked by Tim Crowder.
14:09 of 3rd period - Snap shot by Anton Slepyshev.
14:09 of 3rd period - Shot Blocked by Dennis Persson.
14:38 of 3rd period - Matt Gilroy is hit by J.T. Brown and loses puck.
15:17 of 3rd period - Akim Aliu is hit by J.T. Brown and loses puck.
15:28 of 3rd period - Sean Monahan is hit by James Marcou and loses puck.
15:43 of 3rd period - Robert Dome is hit by Chris Terry and loses puck.
15:55 of 3rd period - Minor Penalty to Quinton Howden for Tripping.
15:56 of 3rd period - Ryan Hartman wins face-off versus Mike Zigomanis in Griffins zone.
15:56 of 3rd period - Ryan Hartman is hit by Milan Bartovic.
16:14 of 3rd period - Connor Murphy is hit by Ryan Hartman and loses puck.
16:33 of 3rd period - Snap shot by Nathan Davis.
16:33 of 3rd period - Shot Blocked by Nathan Oystrick.
17:21 of 3rd period - Akim Aliu is hit by Ty Wishart and loses puck.
17:55 of 3rd period - Penalty to Quinton Howden is over, Quinton Howden is back on ice.
18:04 of 3rd period - Nathan Oystrick is hit by Kevin Veilleux.
18:14 of 3rd period - Wrist shot by Sean Monahan.
18:14 of 3rd period - Deflect By Quinton Howden.
18:14 of 3rd period - Shot Misses the Net.
18:14 of 3rd period - Puck is out of play.
18:15 of 3rd period - Jan Mursak wins face-off versus Nathan Davis in Rafales zone.
18:16 of 3rd period - Snap shot by Anton Slepyshev.
18:16 of 3rd period - Shot Misses the Net.
18:32 of 3rd period - Slapshot by Chris Terry.
18:32 of 3rd period - Shot Misses the Net.
18:34 of 3rd period - Snap shot by Kevin Veilleux.
18:34 of 3rd period - Shot Misses the Net.
19:10 of 3rd period - Minor Penalty to Jan Mursak for Hooking.
19:11 of 3rd period - Nathan Davis wins face-off versus Ryan Hartman in Griffins zone.
19:14 of 3rd period - Wrist shot by Nathan Davis.
19:14 of 3rd period - Shot Blocked by Brendan Woods.
19:19 of 3rd period - Off-side.
19:20 of 3rd period - Nathan Davis wins face-off versus Ryan Hartman in neutral zone.
19:41 of 3rd period - Snap shot by Michael Bournival.
19:41 of 3rd period - Shot Misses the Net.
Goals for this period are 1 for Griffins vs 2 for Rafales.
Shots for this period are 5 for Griffins vs 6 for Rafales.
Back to the Top